 Dungeon Crawl Stone Soup version 0.30-a0-137-gd8773701ce (webtiles) character file.

Game seed: 15315025940173974945

34 purpskrrrp the Trooper (level 3, -2/33 HPs)
             Began as a Hill Orc Fighter on Sept 22, 2022.
             Was a Follower of Dithmenos.
             Splashed by a jelly's acid (8 damage)
             ... on level 3 of the Dungeon.
             The game lasted 00:03:57 (2212 turns).

purpskrrrp the Trooper (Hill Orc Fighter)           Turns: 2212, Time: 00:03:57

Health: -2/33      AC:  2    Str: 20    XL:     3   Next: 31%
Magic:  3/3        EV:  9    Int:  8    God:    Dithmenos [*.....]
Gold:   155        SH:  4    Dex: 10    Spells: 2/2 levels left

rFire   . . .      SeeInvis .    a - +0 war axe
rCold   . . .      Faith    .    c - +0 buckler
rNeg    . . .      Spirit   .    b - +0 scale mail
rPois   .          Reflect  .    (no helmet)
rElec   .          Harm     .    (no cloak)
rCorr   .          Rampage  .    (no gloves)
Will    .....                    (no boots)
Stlth   ..........               (no amulet)
HPRegen 0.11/turn                (no ring)
MPRegen 0.08/turn                (no ring)

@: corroded, wreathed by umbra
A: no striking features
a: Renounce Religion


You were on level 3 of the Dungeon.
You worshipped Dithmenos.
Dithmenos was aware of your devotion.
You visited 1 branch of the dungeon, and saw 3 of its levels.

You collected 155 gold pieces.

Inventory:

Hand Weapons
 a - a +0 war axe (weapon)
Armour
 b - a +0 scale mail (worn)
 c - a +0 buckler (worn)
Jewellery
 h - an amulet of faith
Scrolls
 f - a scroll of enchant armour
 g - 3 scrolls of magic mapping
 i - a scroll of identify
Potions
 d - 2 potions of might
 e - a potion of magic {unknown}
 j - a potion of haste {unknown}
 l - a potion of berserk rage {unknown}
 m - 2 potions of heal wounds {unknown}
 n - a potion of curing {unknown}


   Skills:
 + Level 3.8 Fighting
 * Level 3.6 Axes
 + Level 3.5 Armour
 + Level 0.7 Dodging
 + Level 3.5 Shields


You had 2 spell levels left.
You didn't know any spells.
Your spell library was empty.

Dungeon Overview and Level Annotations

Branches:
Dungeon (3/15)

Altars:
Cheibriados
Dithmenos
Okawaru


Message History

You open the door.
There is an open door here.
You now have 155 gold pieces (gained 15).
A jelly comes into view.
The jelly quivers.
A jelly is nearby!
A jelly is nearby!
A jelly is nearby!
The jelly jiggles.
The jelly misses you.
You hit the jelly.
Your hands burn!
The jelly is heavily wounded.
The jelly hits you. The acid corrodes you!
You are splashed with acid!
The jelly barely misses you.
You are too injured to fight recklessly!
You are too injured to fight recklessly!
You are too injured to fight recklessly!
You are too injured to fight recklessly!
You are too injured to fight recklessly!
You are too injured to fight recklessly!
You are too injured to fight recklessly!
You are too injured to fight recklessly!
You are too injured to fight recklessly!
You are too injured to fight recklessly!
You are too injured to fight recklessly!
You hit the jelly.
Your hands burn!
The jelly is heavily wounded.
The jelly hits you but does no damage.
You hit the jelly but do no damage.
Your hands burn!
* * * LOW HITPOINT WARNING * * *
The jelly is heavily wounded.
The jelly barely misses you.
Okay, then.
Okay, then.
As you read the scroll labelled OSASKIESHE, it crumbles to dust.
The creatures around you are filled with an inner flame!
It was a scroll of immolation.
The jelly hits you.
* * * LOW HITPOINT WARNING * * *
You are splashed with acid!
You die...

......##.........
)###......##........####
###.###....# ##.......#
###.# #....# #.......#
....###...## #.......#
###....#.## #.......# #
#.####.# #.###.......# #
#.# #+###....J......# #
#.###...## #@......# #
#.##.....## #.#######
#.#.....<.## #.#.##
###..........###....##
.............+.......#
####.........###....###
##.......# #......#
##.....## ######.#
##...## #.#


You could see a jelly (inner flame).

Vanquished Creatures
  A dart slug (D:2)
  5 endoplasms
  3 giant cockroaches
  2 goblins (D:3)
  2 hobgoblins
  A quokka (D:1)
  2 ball pythons
  3 bats
  2 frilled lizards
  4 kobolds
  4 rats
29 creatures vanquished.

Notes
Turn   | Place    | Note
-------+----------+-------------------------------------------
     0 | D:1      | purpskrrrp the Hill Orc Fighter began the quest for the
                  | Orb.
     0 | D:1      | Reached XP level 1. HP: 19/19 MP: 1/1
   365 | D:1      | Reached XP level 2. HP: 27/27 MP: 2/2
   623 | D:1      | Found a faded altar of an unknown god.
   964 | D:1      | Prayed at the altar of an unknown god.
   964 | D:1      | Became a worshipper of Dithmenos the Shadowed
   964 | D:1      | Reached * piety under Dithmenos
  1108 | D:2      | Found a snail-covered altar of Cheibriados.
  1237 | D:2      | Reached XP level 3. HP: 31/33 MP: 3/3
  1626 | D:3      | Found an iron altar of Okawaru.
  2212 | D:3      | Splashed by a jelly's acid

Illustrated notes

Levels and vault maps discovered:
D:1:      tarquinn_simple_flora_water_e, layout_basic,
          hellmonk_ecumenical_altar_inner_sanctum, minmay_hedge_maze
D:2:      layout_loops_ring, basic_altar, nrook_loot_triangle
D:3:      layout_loops_corners, lemuel_tele_altar

Skill      XL: |  1 |
---------------+----+-----
Axes           | 3 |  3.6
Fighting       | |  3.8
Armour         | |  3.5
Dodging        | |  0.7
Shields        | |  3.5

Action                   || total
-------------------------++-------
Melee: War axe           ||    75
  Use: Scroll            ||     6
Armor: Scale mail        ||    29
Dodge: Dodged            ||    41
Block: Buckler           ||    10

Table legend: (Time is in decaauts)
 A = Elapsed time spent in this place.
 B = Non-inter-level travel time spent in this place.
 C = Inter-level travel time spent in this place.
 D = Time resting spent in this place.
 E = Time spent auto-exploring this place.
 F = Levels seen in this place.
 G = Mean time per level.
                   A        B        C        D        E       F      G
               +--------+--------+--------+--------+--------+-----+--------+
         Total |   2239 |   2074 |    165 |     28 |   1827 |   3 |  746.3 |
       Dungeon |   2239 |   2074 |    165 |     28 |   1827 |   3 |  746.3 |
               +--------+--------+--------+--------+--------+-----+--------+

Top non-repeatable levels by time:
     D:1: 1010 daAuts
     D:2: 627 daAuts
     D:3: 602 daAuts
